 Dungeon Crawl Stone Soup version 0.20-a0-4-gd166d5d (console) character file.

22738 Lasty the Spear-Bearer (level 12, -2/106 HPs)
             Began as a Red Draconian Warper on Oct 31, 2016.
             Was an Elder of Kikubaaqudgha.
             Slain by a sixfirhy (13 damage)
             ... on level 1 of the Abyss on Nov 1, 2016.
             The game lasted 00:49:51 (15049 turns).

Lasty the Spear-Bearer (Red Draconian Warper)      Turns: 15049, Time: 00:49:52

Health: -2/106     AC:  8    Str: 14      XL:     12   Next: 65%
Magic:  13/15      EV: 22    Int: 17      God:    Kikubaaqudgha [****..]
Gold:   1016       SH:  0    Dex: 11 (12) Spells: 5 memorised, 3 levels left

rFire  + . .     SeeInvis .     a - +1 trident (protect)
rCold  + . .     Gourm    .     (armour unavailable)
rNeg   . . .     Faith    .     (no shield)
rPois  .         Spirit   .     (helmet restricted)
rElec  .         Reflect  .     (no cloak)
rCorr  .         Harm     +     (no gloves)
MR     .....                    (no boots)
Stlth  +.........               j - amulet of harm
                                S - +4 ring of slaying
                                w - +4 ring of evasion

@: short of breath
A: breathe fire, unfitting armour, antennae 1, cold resistance 1, fire
resistance 1, wild magic 1, cold-blooded, AC +8
a: Breathe Fire, Receive Corpses, Renounce Religion


You were on level 1 of the Abyss.
You worshipped Kikubaaqudgha.
Kikubaaqudgha was greatly pleased with you.
You were hungry.

You visited 2 branches of the dungeon, and saw 13 of its levels.
You visited the Abyss 1 time.
You also visited: Sewer.

You collected 1016 gold pieces.


Innate Abilities, Weirdness & Mutations

You can breathe blasts of fire.
Your fiery red scales are hard. (AC +8)
You cannot fit into any form of body armour.
Your flesh is heat resistant. (rF+)
You are cold-blooded and may be slowed by cold attacks.
You have a pair of small antennae on your head.
Your flesh is cold resistant. (rC+)
Your spells are a little harder to cast, but a little more powerful.


   Skills:
 - Level 10.0 Fighting
 + Level 13.6 Polearms
 - Level 0.8 Throwing
 * Level 12.6 Dodging
 - Level 2.0 Spellcasting
 - Level 3.0 Translocations


You had 3 spell levels left.
You knew the following spells:

 Your Spells              Type           Power        Failure   Level  Hunger
b - Blink                 Tloc           N/A          14%         2    ###....
q - Teleport Other        Tloc           ###.....     24%         3    ###....
w - Confuse               Hex            #.......     69%         3    ###....
x - Repel Missiles        Chrm/Air       #.....       38%         2    ###....
z - Shroud of Golubria    Chrm/Tloc      #.........   24%         2    ###....

Inventory:

Hand Weapons
 a - a +1 trident of protection (weapon)
   (You took it off an orc on level 4 of the Dungeon)
 m - a +0 spear
 p - a +1 trident
 F - a +4 trident
Missiles
 d - 5 tomahawks of dispersal (quivered)
 k - 5 silver tomahawks
 E - 18 tomahawks
 L - 2 curare-tipped needles
 O - 2 steel tomahawks
 Q - 10 exploding tomahawks
Armour
 i - a +0 shield
Jewellery
 j - an amulet of harm (around neck)
 o - an uncursed ring of resist corrosion
 w - a +4 ring of evasion (left hand)
 I - an uncursed ring of protection from fire
 M - an uncursed ring of poison resistance
 S - a +4 ring of slaying (right hand)
Wands
 s - a wand of iceblast (0/15)
 y - a wand of polymorph (0/24)
Scrolls
 c - 2 scrolls of blinking
 e - a scroll of remove curse
 g - 2 scrolls of fear {!r}
 r - 2 scrolls of fog
 v - a scroll of immolation {!r}
 z - 2 scrolls of magic mapping {!r}
 B - 5 scrolls of teleportation {!r}
 C - 2 scrolls of recharging
 H - 2 scrolls of vulnerability {unknown}
 N - a scroll of silence {unknown}
 T - a scroll of torment {unknown}
 U - 2 scrolls of enchant armour {unknown}
Potions
 h - a potion of brilliance {!q}
 t - 2 potions of cure mutation {!q}
 x - 3 potions of heal wounds {!q}
 A - 2 potions of flight
 D - 2 potions of berserk rage {!q}
 K - a potion of curing
 P - a potion of might {!q}
 R - 3 potions of lignification {!q}
Books
 b - a book of Spatial Translocations

   Spells                             Type                      Level
   a - Blink                          Translocation                2
   b - Shroud of Golubria             Charms/Translocation         2
   c - Lesser Beckoning               Translocation                3
   d - Portal Projectile              Translocation                3
   e - Teleport Other                 Translocation                3
   f - Passage of Golubria            Translocation                4
 q - a book of Maledictions

   Spells                             Type                      Level
   a - Corona                         Hexes                        1
   b - Ensorcelled Hibernation        Hexes/Ice                    2
   c - Confuse                        Hexes                        3
   d - Tukima's Dance                 Hexes                        3
   e - Dazzling Spray                 Conjuration/Hexes            3
 u - a book of Minor Magic

   Spells                             Type                      Level
   a - Magic Dart                     Conjuration                  1
   b - Blink                          Translocation                2
   c - Call Imp                       Summoning                    2
   d - Repel Missiles                 Charms/Air                   2
   e - Slow                           Hexes                        2
   f - Conjure Flame                  Conjuration/Fire             3
   g - Mephitic Cloud                 Conjuration/Poison/Air       3
 G - Kikubaaqudgha's Guide on Black Rituals
   (Kikubaaqudgha gifted it to you on level 8 of the Dungeon)

   Spells                             Type                      Level
   a - Pain                           Necromancy                   1
   b - Corpse Rot                     Necromancy                   2
   c - Sublimation of Blood           Necromancy                   2
   d - Regeneration                   Charms/Necromancy            3
   e - Control Undead                 Necromancy                   4
 J - Kikubaaqudgha's Disquisition on Evil Secrets
   (Kikubaaqudgha gifted it to you on level 11 of the Dungeon)

   Spells                             Type                      Level
   a - Excruciating Wounds            Charms/Necromancy            5
   b - Agony                          Necromancy                   5
   c - Cigotuvi's Embrace             Necromancy                   5
   d - Dispel Undead                  Necromancy                   5
   e - Simulacrum                     Ice/Necromancy               6
Comestibles
 f - 13 bread rations {!e}
 l - 5 meat rations {!e}
 n - 4 fruits


Message History

Unknown command.
You barely miss the sixfirhy. You tail-slap the sixfirhy.
The sixfirhy is heavily wounded.
The sixfirhy hits you! The sixfirhy shocks you!
The sixfirhy hits you but does no damage.
The sixfirhy misses you.
You take 25 damage.
You miss the sixfirhy.
The sixfirhy is heavily wounded.
The sixfirhy closely misses you. x2
You closely miss the sixfirhy.
The sixfirhy is heavily wounded.
The sixfirhy misses you.
The sixfirhy hits you but does no damage.
You completely miss the sixfirhy.
The sixfirhy is heavily wounded.
You miss the sixfirhy.
The sixfirhy is moderately wounded.
Space distorts slightly along a thin shroud covering your body.
You have got your breath back.
You closely miss the sixfirhy.
The sixfirhy is moderately wounded.
The sixfirhy hits you but does no damage.
The sixfirhy barely misses you.
You miss the sixfirhy.
The sixfirhy is moderately wounded.
The sixfirhy completely misses you. The sixfirhy barely misses you.
You closely miss the sixfirhy.
The sixfirhy is moderately wounded.
The sixfirhy misses you. The sixfirhy hits you!
* * * LOW HITPOINT WARNING * * *
The sixfirhy shocks you!
* * * LOW HITPOINT WARNING * * *
The sixfirhy hits you.
* * * LOW HITPOINT WARNING * * *
The sixfirhy shocks you!
* * * LOW HITPOINT WARNING * * *
Your shroud falls apart!
You take 42 damage.
Unknown command.
Aim: a sixfirhy (moderately wounded)
You breathe a blast of fire.
The fiery breath hits the sixfirhy.
The sixfirhy is severely wounded.
You are feeling hungry.
The sixfirhy is engulfed in roaring flames.
The sixfirhy hits you!
* * * LOW HITPOINT WARNING * * *
The sixfirhy shocks you!
You die...
Kikubaaqudgha rasps: "You have failed me!
Welcome... death!"

▓▓ # # . ##
▒▓ ## # ...
#.####
....#.##.# .
.#.# ##...##
## #.##..▒ #
.#.#.▓ .#@.#
▒▒3#..▒ ▒..
.....
._.▒##...▒..
.... ▒.▒..
▒.... ...▒▒
▒.▒. ▒..
..▒. ...


You could see a sixfirhy.

Vanquished Creatures
  2 hydras
  The ghost of ninjaorigami the Cruncher, a journeyman DsGl of Dithmenos (D:12)
  Erica (D:8)
  The ghost of Marmot the Basher, a novice MiMo of Okawaru (D:10)
  2 unseen horrors
  The ghost of micr0chasm the Arsonist, a novice CeFE of Sif Muna (D:7)
  5 hill giants
  2 cyclopes
  3 ugly things (D:11)
  A large abomination (Abyss:1)
  A centaur zombie (D:12)
  2 manticores
  Psyche (D:9)
  3 gargoyles
  2 trolls
  6 slime creatures
  A two-headed ogre (D:8)
  Grinder (D:4)
  Sigmund (D:3)
  A human (D:8)
  4 hogs (D:8)
  A wraith (D:10)
  8 yaks
  Eustachio (D:4)
  A hungry ghost (D:7)
  2 mottled dragons (D:11)
  A steam dragon (D:9)
  2 water moccasins
  Purgy (Sewer)
  6 orc warriors
  2 phantoms
  3 sky beasts
  A black bear (D:7)
  6 ice beasts
  A necrophage (D:10)
  6 ogres
  6 centaurs
  2 big kobolds (D:10)
  4 bullfrogs
  A wyvern zombie (D:9)
  2 wyvern skeletons
  2 scorpions
  5 wights (D:8)
  4 killer bees (D:7)
  2 howler monkeys
  6 crimson imps
  7 hounds
  3 quasits
  7 jellies
  8 orc priests
  A bullfrog skeleton (D:3)
  A centaur skeleton (D:5)
  3 iguanas
  9 orc wizards
  12 worker ants
  A hound zombie (D:10)
  2 hound skeletons
  2 worker ant zombies
  A howler monkey skeleton (D:10)
  Robin (D:4)
  10 gnolls
  15 adders
  4 shadow imps
  An ooze (D:3)
  4 worms
  3 dart slugs
  4 leopard geckos
  37 orcs
  9 bats
  12 giant cockroaches
  16 goblins
  13 hobgoblins
  15 jackals
  3 quokkas
  4 ball pythons
  6 frilled lizards
  15 kobolds
  3 quokka skeletons
  13 rats
  2 butterflies (D:5)
365 creatures vanquished.

Vanquished Creatures (others)
  A fungus (D:8)
1 creature vanquished.

Grand Total: 366 creatures vanquished

Notes
Turn   | Place    | Note
-------+----------+-------------------------------------------
     0 | D:1      | Lasty the Draconian Warper began the quest for the Orb.
     0 | D:1      | Reached XP level 1. HP: 17/17 MP: 3/3
   110 | D:1      | Reached XP level 2. HP: 24/24 MP: 5/5
   114 | D:1      | Learned a level 2 spell: Blink
   117 | D:1      | Learned a level 2 spell: Shroud of Golubria
   310 | D:1      | Reached skill level 3 in Polearms
   709 | D:2      | Reached XP level 3. HP: 29/29 MP: 3/6
  1324 | D:2      | Reached skill level 4 in Polearms
  1718 | D:3      | Reached XP level 4. HP: 36/36 MP: 4/7
  1792 | D:3      | Found a glowing drain.
  1816 | Sewer    | Entered a sewer
  2220 | Sewer    | Noticed Purgy
  2263 | Sewer    | Killed Purgy
  2263 | Sewer    | Reached skill level 5 in Polearms
  2263 | Sewer    | Reached XP level 5. HP: 20/41 MP: 5/8
  2608 | D:3      | Reached skill level 6 in Polearms
  2875 | D:3      | Reached XP level 6. HP: 39/50 MP: 4/9
  2944 | D:3      | Learned a level 3 spell: Teleport Other
  3078 | D:3      | HP: 3/50 [ogre/giant club (29)]
  3365 | D:3      | Noticed Sigmund
  3369 | D:3      | --oops
  3369 | D:3      | --another unforced error
  3395 | D:3      | Killed Sigmund
  3395 | D:3      | Reached skill level 3 in Fighting
  3504 | D:3      | Reached skill level 4 in Fighting
  3613 | D:3      | Reached skill level 7 in Polearms
  3613 | D:3      | Your scales start taking on a fiery red colour.
  3613 | D:3      | Reached XP level 7. HP: 60/60 MP: 7/10
  3613 | D:3      | Gained mutation: Your flesh is heat resistant. (rF+) [Red Draconian growth]
  4172 | D:4      | Reached skill level 5 in Fighting
  4252 | D:4      | Noticed Grinder
  4518 | D:4      | Noticed Eustachio
  4569 | D:4      | HP: 14/61 [iron imp[Eustachio] (10)]
  4570 | D:4      | Killed Eustachio
  4848 | D:4      | Found a blossoming altar of Fedhas.
  4909 | D:4      | Paralysed by Grinder for 3 turns
  4916 | D:4      | Killed Grinder
  4916 | D:4      | Reached skill level 6 in Fighting
  4916 | D:4      | Reached skill level 8 in Polearms
  4916 | D:4      | Reached XP level 8. HP: 59/70 MP: 11/11
  5293 | D:4      | Noticed Robin
  5349 | D:4      | Killed Robin
  5389 | D:5      | Entered Level 5 of the Dungeon
  5538 | D:5      | Learned a level 3 spell: Confuse
  5567 | D:5      | Reached skill level 7 in Fighting
  5582 | D:5      | Gained mutation: Your spells are a little harder to cast, but a little more powerful. [mutagenic meat]
  5583 | D:5      | Gained mutation: You have a pair of small antennae on your head. [mutagenic meat]
  5584 | D:5      | Gained mutation: Your flesh is cold resistant. (rC+) [mutagenic meat]
  5584 | D:5      | --hooray
  5584 | D:5      | --now I'll stop
  5742 | D:5      | Found a runed door.
  5760 | D:5      | Found a runed door.
  5778 | D:5      | Reached skill level 9 in Polearms
  6300 | D:5      | Reached skill level 8 in Fighting
  6380 | D:5      | Reached XP level 9. HP: 56/81 MP: 12/12
  7040 | D:6      | Found a staircase to the Ecumenical Temple.
  7062 | Temple   | Entered the Ecumenical Temple
  7265 | Temple   | Became a worshipper of Kikubaaqudgha
  7465 | D:7      | Noticed micr0chasm's ghost (novice CeFE)
  7480 | D:7      | Killed micr0chasm's ghost
  7480 | D:7      | Reached skill level 9 in Fighting
  7480 | D:7      | Reached skill level 10 in Polearms
  7685 | D:7      | Reached skill level 3 in Dodging
  8060 | D:8      | Found Miosomo's Weapon Shoppe.
  8093 | D:8      | Reached skill level 4 in Dodging
  8106 | D:8      | Found a staircase to the Lair.
  8450 | D:8      | Reached XP level 10. HP: 93/93 MP: 13/13
  8470 | D:8      | Noticed Erica
  8538 | D:8      | Found Gujaik's Antique Weapon Boutique.
  8579 | D:8      | Found Caquf's Food Shop.
  8608 | D:8      | Found Zool's Quality Used Wands.
  8652 | D:8      | Reached skill level 5 in Dodging
  8736 | D:8      | Found Kuede's Food Shoppe.
  8818 | D:8      | Found Mapask's Food Emporium.
  8853 | D:8      | Reached skill level 10 in Fighting
  8866 | D:8      | Reached * piety under Kikubaaqudgha
  8866 | D:8      | Identified Kikubaaqudgha's Guide on Black Rituals (Kikubaaqudgha gifted it to you on level 8 of the Dungeon)
  8866 | D:8      | Received a gift from Kikubaaqudgha
  8869 | D:8      | Reached skill level 11 in Polearms
  8895 | D:8      | Learned a level 2 spell: Repel Missiles
  8930 | D:8      | Killed Erica
  8930 | D:8      | Reached skill level 6 in Dodging
  9536 | D:9      | Noticed Psyche
  9545 | D:9      | Killed Psyche
  9545 | D:9      | Reached skill level 7 in Dodging
 10017 | D:10     | Entered Level 10 of the Dungeon
 10117 | D:10     | Noticed a gargoyle
 10125 | D:10     | Killed a gargoyle
 10531 | D:10     | Found Ylozuj's Gadget Shoppe.
 10572 | D:10     | Noticed a hill giant
 10583 | D:10     | Killed a hill giant
 10583 | D:10     | Reached skill level 8 in Dodging
 10583 | D:10     | Reached XP level 11. HP: 72/99 MP: 12/14
 10586 | D:10     | Reached ** piety under Kikubaaqudgha
 10608 | D:10     | Killed an unseen horror
 10836 | D:10     | Reached skill level 12 in Polearms
 10847 | D:10     | Noticed Marmot's ghost (novice MiMo)
 10875 | D:10     | Killed Marmot's ghost
 10881 | D:10     | Noticed a hill giant
 10892 | D:9      | Killed a hill giant
 10892 | D:9      | Reached skill level 9 in Dodging
 11628 | D:11     | Noticed a purple ugly thing
 11632 | D:11     | Killed a purple ugly thing
 11712 | D:11     | Reached skill level 10 in Dodging
 11734 | D:11     | Killed an unseen horror
 12070 | D:11     | Reached *** piety under Kikubaaqudgha
 12070 | D:11     | Identified Kikubaaqudgha's Disquisition on Evil Secrets (Kikubaaqudgha gifted it to you on level 11 of the Dungeon)
 12070 | D:11     | Received a gift from Kikubaaqudgha
 12491 | D:11     | Noticed a hill giant
 12498 | D:11     | Killed a hill giant
 12801 | D:11     | Noticed a five-headed hydra
 12833 | D:11     | Killed a five-headed hydra
 12833 | D:11     | Reached skill level 11 in Dodging
 12833 | D:11     | Reached XP level 12. HP: 86/106 MP: 15/15
 12993 | D:11     | Found a portal to a secret trove of treasure.
 13194 | D:11     | Reached skill level 13 in Polearms
 13211 | D:12     | Noticed ninjaorigami's ghost (journeyman DsGl)
 13231 | D:12     | Killed ninjaorigami's ghost
 13674 | D:12     | Found a staircase to the Orcish Mines.
 13898 | D:12     | Reached skill level 12 in Dodging
 14444 | D:12     | Noticed a four-headed hydra
 14461 | D:12     | Killed a four-headed hydra
 14474 | D:12     | Noticed Erolcha
 14730 | D:11     | Reached **** piety under Kikubaaqudgha
 14903 | D:12     | Cast into level 1 of the Abyss (Erolcha)
 15021 | Abyss:1  | Found an opulent altar of Gozag.
 15048 | Abyss:1  | HP: 23/106 [sixfirhy (12)]
 15049 | Abyss:1  | HP: 11/106 [sixfirhy (12)]
 15049 | Abyss:1  | Slain by a sixfirhy

Vault maps used:
D:1:      dpeg_arrival_pond
D:2:      kennysheep_generic_room_15
D:3:      portal_sewer_entry_b, minmay_surrounded, uniq_sigmund
D:4:      serial_co_window_serial, co_window_corner_a, co_window_corner_a,
          co_window_corner_a, co_window_corner_a, co_window_of_opportunity_a,
          co_window_of_opportunity_b, co_window_unsneaky_path_d,
          co_window_corner_ca, co_window_cross_2, co_window_corner_ca,
          co_window_broadway_a, co_window_corner_cb, glass_columns_a,
          glass_columns_a, glass_columns_a, fedhas_altar_4, uniq_eustachio,
          uniq_robin, uniq_grinder
D:5:      lemuel_insect_pit, first_bread
D:8:      due_lair_maze_entry_diamond, serial_shops, shop, shop, shop,
          nicolae_shop_crystal, nicolae_shop_temple_entry_statues_fountains,
          grunt_livestock, nicolae_for_you_no_charge, uniq_erica
D:9:      uniq_psyche
D:10:     serial_shops, kennysheep_little_box, minmay_unpleasant_kobolds
D:11:     enter_trove_6
D:12:     minmay_nested_s, minmay_crystal_water, uniq_erolcha
Temple:   kilobyte_greek_temple
Sewer:    kennysheep_door_sewer

Action                   |  1- 3 |  4- 6 |  7- 9 | 10-12 || total
-------------------------+-------+-------+-------+-------++-------
Melee: Spear             |   196 |   237 |       |       ||   433
       Tailslap          |     9 |    31 |    44 |    67 ||   151
       Trident           |       |    30 |   411 |   644 ||  1085
 Cast: Shroud of Golubri |     6 |    22 |    13 |     8 ||    49
       Blink             |       |       |       |     1 ||     1
 Abil: Breathe Fire      |       |       |    22 |    52 ||    74
Evoke: Wand              |       |       |       |     2 ||     2
  Use: Potion            |       |     7 |       |       ||     7
       Scroll            |       |       |    14 |     4 ||    18
 Stab: Sleeping          |       |     1 |     2 |     2 ||     5
       Distracted        |       |       |     1 |       ||     1
  Eat: Chunk             |     3 |     9 |    18 |    25 ||    55
       Meat ration       |       |       |     1 |     1 ||     2
       Fruit             |       |       |       |     2 ||     2
Armor: Skin              |    31 |    72 |   105 |   109 ||   317
Dodge: Dodged            |    87 |   130 |   287 |   398 ||   902

Skill      XL: |  1  2  3  4  5  6  7  8  9 10 11 12 |
---------------+-------------------------------------+-----
Polearms       | 3 4 5 6 7 8 9 10 11 12 13 | 13.6
Fighting       | 4 6 8 9 10 | 10.0
Dodging        | 4 8 11 12 | 12.6
Throwing       | |  0.8
Spellcasting   | |  2.0
Translocations | |  3.0
